 Dungeon Crawl Stone Soup version 0.30-a0-263-ge22c4ad894 (webtiles) character file.

Game seed: 10969894506908397604

502 mopl the Covert (level 7, -6/45 HPs)
             Began as an Octopode Brigand on Oct 13, 2022.
             Was a Priest of Wu Jian.
             Mangled by an ogre
             ... wielding a +0 giant club
              (30 damage)
             ... on level 4 of the Dungeon.
             The game lasted 00:04:55 (2441 turns).

mopl the Covert (Octopode Brigand)                  Turns: 2441, Time: 00:04:56

Health: -6/45      AC:  1    Str: 10    XL:     7   Next: 17%
Magic:  9/9        EV: 12    Int: 16    God:    Wu Jian [***...]
Gold:   184        SH:  0    Dex: 13    Spells: 6/9 levels left

rFire   . . .      SeeInvis .    a - +0 dagger (venom)
rCold   . . .      Faith    .    (no shield)
rNeg    . . .      Spirit   .    (helmet restricted)
rPois   .          Reflect  .    (no amulet)
rElec   .          Harm     .    (no ring)
rCorr   .          Rampage  .    (no ring)
Will    .....                    (no ring)
Stlth   +++++.....               (no ring)
HPRegen 0.27/turn                (no ring)
MPRegen 0.11/turn                (no ring)
                                 (no ring)
                                 (no ring)

@: no status effects
A: almost no armour, amphibious, 8 rings, camouflage 1, gelatinous body 1,
(nimble swimmer 1), tentacles
a: Renounce Religion, Wall Jump, Serpent's Lash


You were on level 4 of the Dungeon.
You worshipped Wu Jian.
Wu Jian was most pleased with you.
You visited 1 branch of the dungeon, and saw 4 of its levels.

You collected 184 gold pieces.

Inventory:

Hand Weapons
 a - a +0 dagger of venom (weapon)
Missiles
 b - 9 poisoned darts (quivered)
 c - 3 curare-tipped darts
Magical Staves
 j - a staff of earth
Jewellery
 p - a +4 ring of protection
Wands
 e - a wand of mindburst (7)
 y - a wand of polymorph (6)
Scrolls
 f - 6 scrolls of identify {unknown}
 g - a scroll of immolation {unknown}
 i - a scroll of vulnerability {unknown}
 k - a scroll of butterflies {unknown}
 l - a scroll of noise {unknown}
 m - a scroll of enchant armour {unknown}
 o - a scroll of poison {unknown}
 q - a scroll of fear {unknown}
 s - a scroll of enchant weapon {unknown}
Potions
 d - a potion of mutation {unknown}
 h - 4 potions of curing {unknown}
 n - a potion of heal wounds {unknown}
 r - a potion of brilliance {unknown}
 t - 2 potions of might {unknown}
 u - a potion of flight {unknown}
 v - a potion of berserk rage {unknown}
 w - 2 potions of lignification {unknown}
 x - a potion of degeneration {unknown}


   Skills:
 - Level 2.0 Fighting
 - Level 2.0 Short Blades
 + Level 4.6 Throwing
 - Level 1.0 Dodging
 + Level 8.1 Stealth
 + Level 1.9 Spellcasting
 - Level 2.0 Conjurations
 + Level 2.0 Hexes
 + Level 0.0 Evocations


You had 6 spell levels left.
You knew the following spells:

 Your Spells              Type           Power      Damage    Failure   Level
a - Dazzling Flash        Conj/Hex       16%        N/A       26%         3

Your spell library contained the following spells:

 Spells                   Type           Power      Damage    Failure   Level
 Scorch                   Fire           2%         2d5       32%         2
 Ignite Poison            Fire/Tmut/Pois 1%         N/A       54%         3
 Kindle Blastsparks       Fire/Tloc/Air  2%         2d10      54%         3
 Flame Wave               Conj/Fire      4%         2d5       80%         4
 Silence                  Hex/Air        2%         N/A       98%         5
 Agony                    Necr           1%         N/A       99%         5
 Freezing Cloud           Conj/Ice/Air   1%         6-21      99%         5
 Summon Cactus Giant      Summ           0%         N/A       100%        6


Dungeon Overview and Level Annotations

Branches:
Dungeon (4/15)
 Temple: D:4-7

Altars:
Ru
Vehumet
Wu Jian


Innate Abilities, Weirdness & Mutations

You cannot wear most types of armour.
You are amphibious.
You can wear up to eight rings at the same time.
Your skin changes colour to match your surroundings (Stealth+).
Your rubbery body absorbs attacks. (AC +1, EV +1)
((You are camouflaged when in or above water. (Stealth+)))
You have tentacles for arms and can constrict up to eight enemies at once.


Message History

An adder comes into view.
An adder is nearby!
Found a stone staircase leading down.
The adder hisses angrily.
You miss the adder. You grab the adder.
You squeeze the adder, but do no damage.
You constrict the adder, but do no damage.
The adder closely misses you.
You hit the adder.
The adder is poisoned.
The adder is lightly wounded.
You constrict the adder. The adder barely misses you.
You barely miss the adder. Your squeeze misses the adder.
The adder is heavily wounded.
You constrict the adder. The adder bites you.
You hit the adder but do no damage.
The adder looks as sick as possible!
The adder is almost dead.
You constrict the adder.
You kill the adder!
The Council accepts your kill.
A kobold comes into view. It is wielding a +0 dagger.
A ball python comes into view.
The helpless kobold fails to defend itself.
You impale the kobold!!
You kill the kobold!
The Council accepts your kill.
A ball python is nearby!
An ogre comes into view. It is wielding a +0 giant club.
You see here a +0 dagger.
The helpless ball python fails to defend itself.
You stick the ball python like a pincushion!!!
You kill the ball python!
The Council accepts your kill.
The ogre shouts!
You lunge at the ogre.
You barely miss the ogre.
The ogre hits you with a +0 giant club!!
You barely miss the ogre. You squeeze the ogre.
The ogre is moderately wounded.
The ogre hits you with a +0 giant club!!
Ouch! That really hurt!
You die...

##...#######.#
##.......<....#
#.#...############ ......#
... .##.#.# ... .##.#.# #
#.# ## ......# #.##.# ..
##...## # #..O.# .# #...#
#.#####@####.##### #...#
#.................
##...########.##.##).......
.........####....##........
...........##.##...........
.........#.##.##.##........
.#..รท#.###.##.##.##........
.#...#)....................
.#...#..##..#.#..##########


You could see an ogre.

Vanquished Creatures
  An orc warrior (D:4)
  A phantom (D:4)
  A scorpion (D:4)
  A necrophage (D:4)
  An orc wizard (D:4)
  4 gnolls (D:2)
  4 adders
  3 worms (D:2)
  3 dart slugs
  5 orcs
  11 ball pythons
  4 endoplasms
  6 giant cockroaches
  5 goblins
  7 hobgoblins
  10 jackals
  6 quokkas
  3 bats
  2 frilled lizards (D:1)
  10 kobolds
  7 rats
95 creatures vanquished.

Notes
Turn   | Place    | Note
-------+----------+-------------------------------------------
     0 | D:1      | mopl the Octopode Brigand began the quest for the Orb.
     0 | D:1      | Reached XP level 1. HP: 14/14 MP: 1/1
   100 | D:1      | Reached XP level 2. HP: 14/19 MP: 2/2
   118 | D:1      | Found a faded altar of an unknown god.
   143 | D:1      | Prayed at the altar of an unknown god.
   143 | D:1      | Became a worshipper of the Wu Jian Council
   143 | D:1      | Reached * piety under Wu Jian
   385 | D:1      | Reached skill level 6 in Stealth
   389 | D:1      | Reached XP level 3. HP: 18/24 MP: 3/3
   554 | D:1      | Reached skill level 3 in Throwing
   726 | D:2      | Reached ** piety under Wu Jian
   851 | D:2      | Reached XP level 4. HP: 14/29 MP: 4/4
  1119 | D:2      | Reached skill level 7 in Stealth
  1121 | D:2      | Reached XP level 5. HP: 34/34 MP: 5/5
  1530 | D:3      | Found a sacrificial altar of Ru.
  1587 | D:3      | Reached skill level 4 in Throwing
  1594 | D:3      | Found a radiant altar of Vehumet.
  1603 | D:3      | Learned a level 3 spell: Dazzling Flash
  1870 | D:4      | Noticed a phantom
  1900 | D:4      | Killed a phantom
  1901 | D:4      | Reached skill level 1 in Conjurations
  1901 | D:4      | Reached skill level 1 in Hexes
  1901 | D:4      | Reached XP level 6. HP: 19/39 MP: 5/7
  2107 | D:4      | Reached *** piety under Wu Jian
  2133 | D:4      | Reached skill level 1 in Spellcasting
  2246 | D:4      | Noticed an orc warrior
  2254 | D:4      | Killed an orc warrior
  2255 | D:4      | Reached skill level 8 in Stealth
  2255 | D:4      | Reached skill level 2 in Conjurations
  2255 | D:4      | Reached XP level 7. HP: 32/45 MP: 9/9
  2258 | D:4      | Reached skill level 2 in Hexes
  2441 | D:4      | Mangled by an ogre

Illustrated notes

Levels and vault maps discovered:
D:1:      shiori_arrival_maze, layout_basic, hellmonk_ecumenical_altar_lost_god,
          minmay_misc_feat_enclosed
D:2:      layout_rooms, minmay_tromino_i4
D:3:      layout_rooms, nicolae_vehumet_altar_sigil,
          mainiacjoe_overflow_small_starburst
D:4:      layout_loops_cross

Skill      XL: |  1  2  3  4  5  6  7 |
---------------+----------------------+-----
Stealth        | 6 7 8 |  8.1
Throwing       | 3 4 |  4.6
Conjurations   | 1 2 |  2.0
Hexes          | 1 2 |  2.0
Spellcasting   | 1 |  1.9
Fighting       | |  2.0
Short Blades   | |  2.0
Dodging        | |  1.0

Action                   |  1- 3 |  4- 6 |  7- 9 || total
-------------------------+-------+-------+-------++-------
Melee: Dagger            |    88 |   115 |    17 ||   220
       Constrict         |    20 |    22 |     3 ||    45
       Tentacles         |    11 |    21 |     6 ||    38
       Punch             |       |     2 |       ||     2
Invok: Lunge             |    12 |    12 |     3 ||    27
       Whirlwind         |     1 |       |       ||     1
 Abil: Wall Jump         |       |     1 |       ||     1
 Stab: Sleeping          |     9 |    15 |     4 ||    28
Armor: Skin              |     7 |     7 |       ||    14
Dodge: Dodged            |    43 |    57 |     4 ||   104

Table legend: (Time is in decaauts)
 A = Elapsed time spent in this place.
 B = Non-inter-level travel time spent in this place.
 C = Inter-level travel time spent in this place.
 D = Time resting spent in this place.
 E = Time spent auto-exploring this place.
 F = Levels seen in this place.
 G = Mean time per level.
                   A        B        C        D        E       F      G
               +--------+--------+--------+--------+--------+-----+--------+
         Total |   2421 |   2357 |     64 |    397 |   1396 |   4 |  605.2 |
       Dungeon |   2421 |   2357 |     64 |    397 |   1396 |   4 |  605.2 |
               +--------+--------+--------+--------+--------+-----+--------+

Top non-repeatable levels by time:
     D:1: 707 daAuts
     D:2: 664 daAuts
     D:4: 567 daAuts
     D:3: 482 daAuts
